 Dungeon Crawl Stone Soup version 0.28-a0-1415-g7c84da036a (webtiles) character file.

Game seed: 6287986642202520177

5375 shadowrider38 the Protected (level 10, 0/76 HPs)
             Began as a Gnoll Wanderer on Jan 7, 2022.
             Was an Elder of Okawaru.
             Slain by a two-headed ogre (14 damage)
             ... on level 8 of the Dungeon.
             The game lasted 00:31:16 (15942 turns).

shadowrider38 the Protected (Gnoll Wanderer)       Turns: 15942, Time: 00:31:16

Health: 0/76       AC: 15    Str: 23    XL:     10   Next: 66%
Magic:  18/18      EV:  9    Int: 10    God:    Okawaru [****..]
Gold:   501        SH:  0    Dex: 12    Spells: 20/20 levels left

rFire   + + .      SeeInvis .   a - +4 dire flail
rCold   . . .      Faith    +   (shield currently unavailable)
rNeg    . . .      Spirit   .   n - +0 plate armour
rPois   .          Reflect  .   (no helmet)
rElec   .          Harm     .   (no cloak)
rCorr   +          Rampage  .   (no gloves)
Will    .....                   x - +0 pair of boots
Stlth   ..........              s - amulet of faith
HPRegen 0.22/turn               F - ring of Leaves {rF++ Str+6}
MPRegen 0.16/turn               A - ring of resist corrosion

@: no status effects
A: fangs 1, strong nose, distributed training
a: Renounce Religion, Heroism, Finesse


You were on level 8 of the Dungeon.
You worshipped Okawaru.
Okawaru was greatly pleased with you.
You visited 2 branches of the dungeon, and saw 10 of its levels.

You collected 501 gold pieces.

Inventory:

Hand Weapons
 a - a +4 dire flail (weapon)
 D - a +2 dagger of electrocution
Missiles
 b - a curare-tipped dart
 e - a boomerang
 f - 221 stones
 k - 40 poisoned darts (quivered)
 r - 5 javelins
Armour
 n - a +0 plate armour (worn)
 x - a +0 pair of boots (worn)
Jewellery
 h - an amulet of reflection
 m - an amulet of magic regeneration
 s - an amulet of faith (around neck)
 t - a ring of fire
 A - a ring of resist corrosion (right hand)
 F - the ring of Leaves (left hand) {rF++ Str+6}
   (You found it on level 9 of the Dungeon)

   [ring of strength]

   Str:       It affects your strength (+6).
   rF:        It greatly protects you from fire.
Wands
 c - a wand of flame (26)
 u - a wand of acid (2)
 v - a wand of paralysis (3)
Scrolls
 d - a scroll of amnesia
 g - a scroll of vulnerability
 l - 3 scrolls of immolation
 o - 2 scrolls of fear {unknown}
 q - 2 scrolls of blinking {unknown}
 w - a scroll of holy word {unknown}
 y - a scroll of enchant weapon {unknown}
 z - a scroll of magic mapping {unknown}
 C - 2 scrolls of summoning {unknown}
Potions
 i - a potion of curing
 j - 3 potions of haste
 p - a potion of invisibility
 B - a potion of brilliance
 G - 2 potions of cancellation {unknown}


   Skills:
 + Level 6.1 Fighting
 + Level 5.5 Short Blades
 + Level 6.1 Long Blades
 + Level 5.5 Axes
 + Level 5.5 Maces & Flails
 + Level 5.5 Polearms
 + Level 5.5 Staves
 + Level 5.5 Slings
 + Level 5.5 Bows
 + Level 5.5 Crossbows
 + Level 8.6 Throwing
 + Level 8.6 Armour
 + Level 5.5 Dodging
 + Level 5.5 Stealth
 + Level 5.5 Shields
 + Level 5.5 Unarmed Combat
 + Level 5.5 Spellcasting
 + Level 4.5 Conjurations
 + Level 4.5 Hexes
 + Level 4.5 Summonings
 + Level 4.5 Necromancy
 + Level 4.5 Translocations
 + Level 4.5 Transmutations
 + Level 4.5 Fire Magic
 + Level 4.5 Ice Magic
 + Level 4.5 Air Magic
 + Level 4.5 Earth Magic
 + Level 4.5 Poison Magic
 + Level 6.6 Invocations
 + Level 6.1 Evocations


You had 20 spell levels left.
You didn't know any spells.
Your spell library contained the following spells:

 Spells                   Type           Power      Damage    Failure   Level
 Static Discharge         Conj/Air       11%        N/A       56%         2
 Dazzling Flash           Conj/Hex       22%        N/A       80%         3
 Petrify                  Tmut/Erth      11%        N/A       99%         4
 Agony                    Necr           11%        N/A       100%        5
 Lightning Bolt           Conj/Air       5%         1d17      100%        5
 Metabolic Englaciation   Hex/Ice        5%         N/A       100%        5
 Silence                  Hex/Air        5%         N/A       100%        5
 Statue Form              Tmut/Erth      7%         N/A       100%        6
 Maxwell's Capacitive Co  Air            5%         ∞         100%        8


Dungeon Overview and Level Annotations

Branches:
Dungeon (9/15)             Temple (1/1) D:4
   Lair: D:8-11         Orc: D:9-12

Altars:
Ashenzari
Cheibriados
Dithmenos
Fedhas
Hepliaklqana
Kikubaaqudgha
Makhleb
Nemelex Xobeh
Okawaru
Ru
Sif Muna
Vehumet
Wu Jian
Xom
Yredelemnul
Zin
The Shining One
Lugonu

Annotations:
D:8 Maurice


Innate Abilities, Weirdness & Mutations

You have very sharp teeth.
Your uncanny sense of smell can sniff out nearby items.
Your experience applies equally to all skills.


Message History

Press: ? - help, Q - select action, (/) - cycle Shift-Dir - straight line, f/p - two-headed ogre
Aim: a two-headed ogre, wielding two +0 giant clubs (lightly wounded, 78% to hit)
You throw a poisoned dart.
The poisoned dart hits the two-headed ogre.
The two-headed ogre is poisoned.
The two-headed ogre is lightly wounded.
The two-headed ogre looks more healthy.
Things that are here:
a +0 dire flail; a +0 dire flail
There is a stone staircase leading up here.
The two-headed ogre hits you with a +0 giant club! x2
You climb upwards.
Level annotation: Maurice
There is a stone staircase leading down, spattered with blood here.
Unknown command.
The two-headed ogre closely misses you.
The two-headed ogre hits you with a +0 giant club!
You see here a wyvern skeleton.
Throw: 41 darts (poison)
Press: ? - help, Q - select action, (/) - cycle Shift-Dir - straight line, f - two-headed ogre
Aim: a two-headed ogre, wielding two +0 giant clubs (lightly wounded, 78% to hit)
You throw a poisoned dart.
The poisoned dart hits the two-headed ogre!
The two-headed ogre is poisoned.
The two-headed ogre is lightly wounded.
There is an open door here.
The two-headed ogre looks more healthy.
You bludgeon the two-headed ogre!!
The two-headed ogre is severely wounded.
The two-headed ogre barely misses you.
The two-headed ogre hits you with a +0 giant club!!
You closely miss the two-headed ogre.
The two-headed ogre is severely wounded.
The two-headed ogre hits you with a +0 giant club.
The two-headed ogre hits you with a +0 giant club!!
* * * LOW HITPOINT WARNING * * *
You sock the two-headed ogre!
The two-headed ogre is almost dead.
The two-headed ogre hits you with a +0 giant club!
You die...

#.....# #.#.######### #.....#
#.#.#........ #.....#
#.#.#.####### #.....#
#.#.#.#......
#.....###############.#.#.#.#####
........................[[.......
#.....######......###.#.#.#.#.#..
#.....#### #......# #.#.#(#.#.###
.........###)...@.# #.#.#.#.#..).
#######...##....O.# #.#.#.#.#####
##'''######'## #...#.#......
+.....'...#.# #####.#######
+.♣♣♣.'._.#.# ..# +.....'...#.#
### ##'''######.# #...#.# #.#
#.....## #.#


You could see a two-headed ogre.

Vanquished Creatures
  A two-headed ogre (D:9)
  A cyclops (D:9)
  Maggie (D:9)
  2 yaks
  2 wyverns
  A steam dragon (D:9)
  2 acid dragons (D:9)
  A floating eye (D:9)
  4 water moccasins
  2 orc warriors
  2 sky beasts (D:5)
  2 necrophages
  6 ogres
  A centaur (D:9)
  A phantom (D:5)
  A kobold brigand (D:6)
  A bullfrog (D:6)
  2 scorpions
  9 wights
  A howler monkey (D:6)
  A bullfrog zombie (D:6)
  A centaur zombie (D:6)
  5 jellies
  3 orc priests
  4 hounds (D:4)
  A scorpion zombie (D:5)
  Ijyb (D:5)
  An iguana (D:5)
  4 orc wizards
  2 hound skeletons (D:4)
  5 gnolls
  5 adders
  A white imp (D:6)
  An ufetubus (D:4)
  4 worms
  3 dart slugs
  17 orcs
  5 ball pythons
  11 endoplasms
  3 giant cockroaches
  A goblin (D:2)
  4 hobgoblins
  7 jackals
  18 kobolds
  5 quokkas
  7 bats
  4 frilled lizards
  3 rats
170 creatures vanquished.

Vanquished Creatures (others)
  4 fungi (D:8)
  34 plants
38 creatures vanquished.

Grand Total: 208 creatures vanquished

Notes
Turn   | Place    | Note
-------+----------+-------------------------------------------
     0 | D:1      | shadowrider38 the Gnoll Wanderer began the quest for the
                  | Orb.
     0 | D:1      | shadowrider38 set off with the following items: a +2
                  | dagger, 2 curare-tipped darts, a +0 falchion, a +0 scale
                  | mail
     0 | D:1      | Reached XP level 1. HP: 17/17 MP: 2/2
   308 | D:1      | Reached XP level 2. HP: 23/23 MP: 3/3
   688 | D:2      | Reached XP level 3. HP: 28/28 MP: 4/4
  1256 | D:2      | Reached skill level 1 in Short Blades
  1256 | D:2      | Reached skill level 1 in Axes
  1256 | D:2      | Reached skill level 1 in Maces & Flails
  1256 | D:2      | Reached skill level 1 in Polearms
  1256 | D:2      | Reached skill level 1 in Staves
  1256 | D:2      | Reached skill level 1 in Slings
  1256 | D:2      | Reached skill level 1 in Bows
  1256 | D:2      | Reached skill level 1 in Crossbows
  1256 | D:2      | Reached skill level 1 in Dodging
  1256 | D:2      | Reached skill level 1 in Stealth
  1256 | D:2      | Reached skill level 1 in Shields
  1256 | D:2      | Reached skill level 1 in Unarmed Combat
  1256 | D:2      | Reached skill level 1 in Spellcasting
  1439 | D:1      | Reached XP level 4. HP: 28/34 MP: 6/6
  2140 | D:1      | Reached skill level 1 in Conjurations
  2140 | D:1      | Reached skill level 1 in Hexes
  2140 | D:1      | Reached skill level 1 in Summonings
  2140 | D:1      | Reached skill level 1 in Necromancy
  2140 | D:1      | Reached skill level 1 in Translocations
  2140 | D:1      | Reached skill level 1 in Transmutations
  2140 | D:1      | Reached skill level 1 in Fire Magic
  2140 | D:1      | Reached skill level 1 in Ice Magic
  2140 | D:1      | Reached skill level 1 in Air Magic
  2140 | D:1      | Reached skill level 1 in Earth Magic
  2140 | D:1      | Reached skill level 1 in Poison Magic
  3117 | D:3      | Reached XP level 5. HP: 35/40 MP: 7/7
  3755 | D:3      | Found a burning altar of Makhleb.
  4458 | D:4      | Noticed an ogre
  4685 | D:4      | Found a radiant altar of Vehumet.
  4718 | D:4      | Reached XP level 6. HP: 40/47 MP: 8/8
  4870 | D:4      | Found a hazy altar of Hepliaklqana.
  5381 | D:4      | Reached XP level 7. HP: 47/52 MP: 10/10
  5492 | D:4      | Found a staircase to the Ecumenical Temple.
  5539 | Temple   | Entered the Ecumenical Temple
  5584 | Temple   | Became a worshipper of Warmaster Okawaru
  6148 | D:5      | Entered Level 5 of the Dungeon
  6964 | D:4      | Reached XP level 8. HP: 47/60 MP: 12/12
  7117 | D:5      | Reached * piety under Okawaru
  7317 | D:5      | Noticed Ijyb
  7325 | D:5      | Paralysed by Ijyb for 4 turns
  7340 | D:5      | Killed Ijyb
  8636 | D:6      | Reached ** piety under Okawaru
  8697 | D:5      | Reached skill level 5 in Invocations
  8697 | D:5      | Reached XP level 9. HP: 53/66 MP: 14/14
  9590 | D:6      | Found a glowing silver altar of Zin.
  9972 | D:6      | Found an ornate altar of the Wu Jian Council.
 10729 | D:6      | Found a snail-covered altar of Cheibriados.
 11902 | D:6      | Reached skill level 5 in Fighting
 11902 | D:6      | Reached skill level 5 in Long Blades
 11902 | D:6      | Reached skill level 5 in Evocations
 12171 | D:7      | Found a broken altar of Ashenzari.
 12830 | D:8      | Found an ancient bone altar of Kikubaaqudgha.
 13034 | D:8      | Found a shimmering blue altar of Sif Muna.
 13034 | D:8      | Noticed Maurice
 13192 | D:8      | HP: 2/68 [poisoned by a water moccasin]
 13202 | D:8      | HP: 3/68 [poisoned by a water moccasin]
 13206 | D:8      | Reached *** piety under Okawaru
 13581 | D:9      | Noticed a two-headed ogre
 13753 | D:9      | Found a shimmering altar of Xom.
 13838 | D:8      | Reached XP level 10. HP: 35/73 MP: 17/17
 14278 | D:9      | Identified the ring of Leaves {rF++ Str+6}
 14696 | D:9      | Noticed Maggie
 14715 | D:9      | Killed Maggie
 14715 | D:9      | Reached **** piety under Okawaru
 14716 | D:9      | Reached skill level 5 in Short Blades
 14716 | D:9      | Reached skill level 5 in Axes
 14716 | D:9      | Reached skill level 5 in Maces & Flails
 14716 | D:9      | Reached skill level 5 in Polearms
 14716 | D:9      | Reached skill level 5 in Staves
 14716 | D:9      | Reached skill level 5 in Slings
 14716 | D:9      | Reached skill level 5 in Bows
 14716 | D:9      | Reached skill level 5 in Crossbows
 14716 | D:9      | Reached skill level 5 in Dodging
 14716 | D:9      | Reached skill level 5 in Stealth
 14716 | D:9      | Reached skill level 5 in Shields
 14716 | D:9      | Reached skill level 5 in Unarmed Combat
 14716 | D:9      | Reached skill level 5 in Spellcasting
 14838 | D:9      | Noticed a cyclops
 14860 | D:9      | Paralysed by a floating eye for 2 turns
 15168 | D:9      | Killed a two-headed ogre
 15411 | D:9      | Killed a cyclops
 15879 | D:9      | Noticed a two-headed ogre
 15942 | D:8      | Slain by a two-headed ogre

Illustrated notes

Levels and vault maps discovered:
D:1:      lightli_arrival_farm, layout_basic, hangedman_decor_points,
          minmay_tromino_i4
D:2:      layout_loops_ring, minmay_circled_x
D:3:      layout_basic, mainiacjoe_overflow_six_doors_small
D:4:      layout_basic, lemuel_doored_altar, vehumet_crystals, temple_green
D:5:      layout_cave_pools, serial_rivers, chequers_serial_rivers_small_3,
          chequers_serial_rivers_micro_c, chequers_serial_rivers_small_b,
          chequers_serial_rivers_room_b, chequers_serial_rivers_micro_d,
          uniq_ijyb
D:6:      layout_loops_ring, mainiacjoe_overflow_24_doors,
          nicolae_overflow_hidden_temple, kennysheep_slug_shrine
D:7:      layout_cave_pools, nicolae_ashenzari_panopticon
D:8:      layout_basic, nicolae_elyvilon_peaceful_grove,
          mainiacjoe_overflow_big_doors, grunt_gozag_breadcrumbs,
          lemuel_tele_altar, minmay_lair_entry_grove, uniq_harold, uniq_maurice
D:9:      layout_basic, mainiacjoe_overflow_alcove_1,
          mainiacjoe_overflow_surrounded_room, serial_corexii_hall,
          corexii_hall_statues_x, corexii_hall_statues_deadend,
          chequers_hall_statues_wall_a, corexii_hall_statues_l,
          onia_ninara_cookie, uniq_maggie
Temple:   corrupted_temple

Skill      XL: |  1  2  3  4  5  6  7  8  9 10 |
---------------+-------------------------------+-----
Short Blades   | 1 2 3 4 5 |  5.5
Axes           | 1 2 3 4 5 |  5.5
Maces & Flails | 1 2 3 4 5 |  5.5
Polearms       | 1 2 3 4 5 |  5.5
Staves         | 1 2 3 4 5 |  5.5
Slings         | 1 2 3 4 5 |  5.5
Bows           | 1 2 3 4 5 |  5.5
Crossbows      | 1 2 3 4 5 |  5.5
Dodging        | 1 2 3 4 5 |  5.5
Stealth        | 1 2 3 4 5 |  5.5
Shields        | 1 2 3 4 5 |  5.5
Unarmed Combat | 1 2 3 4 5 |  5.5
Spellcasting   | 1 2 3 4 5 |  5.5
Conjurations   | 1 2 3 4 |  4.5
Hexes          | 1 2 3 4 |  4.5
Summonings     | 1 2 3 4 |  4.5
Necromancy     | 1 2 3 4 |  4.5
Translocations | 1 2 3 4 |  4.5
Transmutations | 1 2 3 4 |  4.5
Fire Magic     | 1 2 3 4 |  4.5
Ice Magic      | 1 2 3 4 |  4.5
Air Magic      | 1 2 3 4 |  4.5
Earth Magic    | 1 2 3 4 |  4.5
Poison Magic   | 1 2 3 4 |  4.5
Invocations    | 3 4 5 6 |  6.6
Fighting       | 3 4 5 6 |  6.1
Long Blades    | 3 4 5 6 |  6.1
Evocations     | 3 4 5 6 |  6.1
Throwing       | 7 8 |  8.6
Armour         | 7 8 |  8.6

Action                   |  1- 3 |  4- 6 |  7- 9 | 10-12 || total
-------------------------+-------+-------+-------+-------++-------
Melee: Dagger            |   116 |   249 |   579 |       ||   944
       Bite              |    13 |    30 |    74 |    11 ||   128
       Punch             |     2 |     2 |    17 |       ||    21
       Dire flail        |       |       |    11 |    68 ||    79
Throw: Dart              |     1 |     6 |    15 |    11 ||    33
       Stone             |       |    51 |    63 |       ||   114
Invok: Heroism           |       |       |       |     3 ||     3
Evoke: Wand              |       |       |     2 |       ||     2
  Use: Scroll            |       |       |    10 |     2 ||    12
       Potion            |       |       |     3 |       ||     3
Armor: Scale mail        |    70 |    30 |       |       ||   100
       Plate armour      |       |    81 |   311 |    39 ||   431
Dodge: Dodged            |    67 |    60 |   123 |    28 ||   278

Table legend: (Time is in decaauts)
 A = Elapsed time spent in this place.
 B = Non-inter-level travel time spent in this place.
 C = Inter-level travel time spent in this place.
 D = Time resting spent in this place.
 E = Time spent auto-exploring this place.
 F = Levels seen in this place.
 G = Mean time per level.
                   A        B        C        D        E       F      G
               +--------+--------+--------+--------+--------+-----+--------+
         Total |  15849 |  15196 |    653 |   6876 |   5477 |  10 | 1584.9 |
       Dungeon |  15789 |  15159 |    630 |   6876 |   5447 |   9 | 1754.3 |
        Temple |     60 |     37 |     23 |      0 |     29 |   1 |   60.0 |
               +--------+--------+--------+--------+--------+-----+--------+

Top non-repeatable levels by time:
     D:6: 2873 daAuts
     D:5: 2402 daAuts
     D:9: 2218 daAuts
     D:4: 2025 daAuts
     D:1: 1666 daAuts
     D:2: 1454 daAuts
     D:3: 1370 daAuts
     D:8: 1163 daAuts
     D:7: 614 daAuts
  Temple: 60 daAuts
